 Dungeon Sprint DCSS version 0.27.1-35-g4d5d836560 (webtiles) character file.

Game seed: 10089643994450732438

22722 Baz the Scorcher (level 12, -29/115 HPs)
             Began as a Red Draconian Fire Elementalist on May 1, 2022.
             Was the Champion of Vehumet.
             Annihilated by Rupert (34 damage)
             ... while paralysed by Rupert
             ... in the Dungeon (Sprint III: "The Ten Rune Challenge").
             The game lasted 00:30:31 (6848 turns).

Baz the Scorcher (Red Draconian Fire Elementalist)  Turns: 6848, Time: 00:30:32

Health: -29/115    AC: 12    Str: 14    XL:     12   Next: 65%
Magic:  21/31      EV:  2    Int: 19    God:    Vehumet [******]
Gold:   1491       SH:  0    Dex: 14    Spells: 5/41 levels left

rFire    + + +     SeeInvis .   u - staff of fire
rCold    x . .     Faith    .   (no shield)
rNeg     . . .     Spirit   .   (armour unavailable)
rPois    .         Reflect  .   (helmet restricted)
rElec    .         Harm     .   F - +1 cloak of Starlight {*Dazzle EV+4 Stlth--}
rCorr    .         Rampage  .   (no gloves)
Will     .....     NoTele   +   s - +1 pair of boots
Stlth    ..........             A - amulet "Liotuud" {Acrobat Regen+ Str+2}
HPRegen  1.29/turn              m - ring of protection from fire
MPRegen  0.22/turn              r - ring of fire

@: paralysed
A: breathe fire, AC +8, unfitting armour, fire resistance 1, cold-blooded, agile
1, MP-powered wands
a: Breathe Fire, Renounce Religion


You were in the Dungeon.
You worshipped Vehumet.
Vehumet was exalted by your worship.
You visited 1 branch You collected 1911 gold pieces.
You spent 420 gold pieces at shops.

Inventory:

Armour
 s - a +1 pair of boots (worn)
 F - the +1 cloak of Starlight (worn) {*Dazzle EV+4 Stlth--}
   (You found it in the Dungeon)

   It may blind those who miss an attack against the wearer in melee combat.
   EV:        It affects your evasion (+4).
   Stlth:     It makes you much less stealthy.
Magical Staves
 g - a staff of earth
 u - a staff of fire (weapon)
 D - a staff of air
 E - a staff of conjuration
Jewellery
 b - the macabre finger necklace {rN+}
   (You took it off a deep elf annihilator in the Dungeon)

   [amulet of nothing]

   It enables you to equip an extra ring.
   rN:        It protects you from negative energy.
 m - a ring of protection from fire (left hand)
 r - a ring of fire (right hand)
 v - an amulet of regeneration
 w - an amulet of faith
 z - the ring "Vuapnobi" {rN+ Str+8}
   (You found it in the Dungeon)

   [ring of positive energy]

   Str:       It affects your strength (+8).
   rN:        It protects you from negative energy.
 A - the amulet "Liotuud" (around neck) {Acrobat Regen+ Str+2}
   (You found it in the Dungeon)

   [amulet of the acrobat]

   It increases your evasion while moving and waiting.
   Str:       It affects your strength (+2).
   Regen:     It increases your rate of health regeneration.
Wands
 c - a wand of charming (5)
 y - a wand of acid (5)
Scrolls
 f - 2 scrolls of blinking
 h - 3 scrolls of torment
 i - a scroll of identify
 n - a scroll of immolation
 t - 3 scrolls of amnesia {unknown}
 x - 2 scrolls of silence {unknown}
Potions
 a - 2 potions of curing
 d - a potion of ambrosia {unknown}
 e - a potion of berserk rage
 k - 4 potions of mutation
 l - 2 potions of might
 o - a potion of resistance
 p - a potion of lignification
 q - a potion of brilliance
Miscellaneous
 B - a condenser vane
 C - a lightning rod (4/4)


   Skills:
 - Level 13.1 Fighting
 + Level 5.0 Dodging
 - Level 1.7 Stealth
 * Level 15.3 Spellcasting
 * Level 15.4 Conjurations
 + Level 0.0 Summonings
 - Level 19.8 Fire Magic
 - Level 10.2 Earth Magic


You had 5 spell levels left.
You knew the following spells:

 Your Spells              Type           Power      Damage    Failure   Level
a - Foxfire               Conj/Fire      100%       2x1d9     0%          1
b - Conjure Flame         Conj/Fire      100%       6-21      0%          3
c - Sticky Flame          Conj/Fire      100%       2d11      1%          4
d - Fireball              Conj/Fire      55%        3d21      1%          5
e - Blink                 Tloc           N/A        N/A       6%          2
f - Spellforged Servitor  Conj/Summ      21%        N/A       36%         7
g - Iron Shot             Conj/Erth      29%        9d6       1%          6
h - Lehudib's Crystal Sp  Conj/Erth      29%        10d8      34%         8

Your spell library contained the following spells:

 Spells                   Type           Power      Damage    Failure   Level
 Freeze                   Ice            56%        1d7       1%          1
 Inner Flame              Hex/Fire       87%        N/A       1%          3
 Animate Skeleton         Necr           28%        N/A       4%          1
 Corona                   Hex            15%        N/A       4%          1
 Freezing Cloud           Conj/Ice/Air   17%        6-21      4%          5
 Ensorcelled Hibernation  Hex/Ice        28%        N/A       6%          2
 Lesser Beckoning         Tloc           7%         N/A       13%         3
 Tukima's Dance           Hex            14%        N/A       13%         3
 Borgnjor's Vile Clutch   Necr/Erth      16%        N/A       14%         5
 Cause Fear               Hex            7%         N/A       38%         4
 Passage of Golubria      Tloc           N/A        N/A       38%         4
 Excruciating Wounds      Necr           7%         N/A       75%         5
 Manifold Assault         Tloc           14%        N/A       75%         5
 Simulacrum               Ice/Necr       7%         N/A       100%        6
 Dragon Form              Tmut           7%         N/A       100%        7
 Haunt                    Necr/Summ      7%         N/A       100%        7
 Borgnjor's Revivificati  Necr           7%         N/A       100%        8
 Dragon's Call            Summ           7%         N/A       100%        9
 Polar Vortex             Ice            7%         N/A       100%        9


Dungeon Overview and Level Annotations

Branches:
Dungeon (1/1)

Altars:
Dithmenos
Elyvilon
Kikubaaqudgha
Okawaru
Ru
Sif Muna
Trog
Uskayaw
Vehumet
Wu Jian
Yredelemnul
Zin
The Shining One
Beogh

Shops:
D *

Annotations:
D Rupert


Innate Abilities, Weirdness & Mutations

You can breathe blasts of fire.
Your fiery red scales are hard. (AC +8)
You cannot fit into any form of body armour.
Your flesh is heat resistant. (rF+)
You are cold-blooded and may be slowed by cold attacks.
You are agile. (Dex +2)
You expend magic power (3 MP) to strengthen your wands.


Message History

Unknown command.
Casting: Spellforged Servitor (quite dangerous; 36% risk of failure)
Confirm with . or Enter, or press ? or * to list all spells.
Aiming: Iron Shot (dangerous; 1% risk of failure)
Press: ? - help, Shift-Dir - straight line, f - Rupert
Aim: Rupert, wielding a +0 battleaxe of pain and wearing a +3 chain mail of willpower (79% to hit)
The iron shot hits Rupert!!
Rupert is lightly wounded.
Rupert yells loudly at you.
You are confused.
You feel better.
Casting: Iron Shot (dangerous; 1% risk of failure)
Confirm with . or Enter, or press ? or * to list all spells.
Aiming: Fireball (safe; 1% risk of failure)
Press: ? - help, Shift-Dir - straight line, f/p - Rupert
Aim: Rupert, wielding a +0 battleaxe of pain and wearing a +3 chain mail of willpower (lightly wounded)
You feel a strong surge of power!
The fireball explodes!
The fireball engulfs Rupert!
Rupert is moderately wounded.
You smell burning wood.
The tree burns like a torch!
Rupert yells loudly at you.
You suddenly lose the ability to move!
Rupert roars madly and goes into a rage!
Rupert goes berserk!
Rupert is engulfed in blazing flames. x2
Rupert hits you with a +0 battleaxe of pain!
You writhe in agony.
Rupert is engulfed in blazing flames.
Rupert hits you with a +0 battleaxe of pain!!
You writhe in agony.
Rupert is engulfed in blazing flames.
Rupert hits you with a +0 battleaxe of pain!!
Rupert is engulfed in blazing flames.
Rupert hits you with a +0 battleaxe of pain!!
* * * LOW HITPOINT WARNING * * *
You writhe in agony.
* * * LOW HITPOINT WARNING * * *
Rupert is engulfed in blazing flames.
Rupert hits you with a +0 battleaxe of pain!!
You die...

.##...†#......#)### #..[##.#..#.
###..##.#.....#...# #..)'##)#.#.
# #..#####....#___#_
+...#.))#..# ▓▓▓▓▓▓▓▓▓▓▓▓▓▓▓▓▓▓▓
▓▓▓▓▓▓▓▓▓▓▓▓▓
+.≈≈≈≈≈≈≈≈..†....♣♣♣.≈≈≈........
#≈≈≈.§≈≈≈≈...≈≈≈≈'♣♣'.≈≈≈≈≈≈≈≈≈≈
#≈≈≈≈§§≈≈≈≈'.....#.≈.♣♣♣♣♣♣♣♣♣♣.
,#≈≈≈≈§§≈.....♣♣♣.#..♣♣ ♣....
#≈≈≈≈≈≈≈≈≈....♣@.###+♣♣♣♣♣♣♣....
####+#######§§@...♣♣.##..##≈≈≈≈[
,, ......§§§§.....##.##.#≈≈≈[≈ #
####§§.....##.##†##'≈≈≈§
...........♣..÷...#.##...#≈≈.○
≈...########...÷..##.##..#≈..+
≈≈........†...÷÷..##.#####...#
≈≈≈..................# , ....#
#########+############ +######


You could see Rupert (berserk).

Vanquished Creatures
  A deep elf blademaster (D)
  Harold (D)
  2 deep elf annihilators (D)
  A deep elf demonologist (D)
  2 nameless horrors (D)
  2 deep elf death magi (D)
  A hydra (D)
  Erolcha (D)
  2 death yaks (D)
  A deep elf knight (D)
  Urug (D)
  A death drake (D)
  Joseph (D)
  3 deep elf zephyrmancers (D)
  A lindwurm (D)
  3 deep elf pyromancers (D)
  2 black mambas (D)
  2 cane toads (D)
  A rime drake (D)
  A komodo dragon (D)
  3 wandering mushrooms (D)
  2 tyrant leeches (D)
  7 blink frogs (D)
  A shadow (D)
  5 redbacks (D)
  A hydra simulacrum (D)
  A swamp drake (D)
  5 orc warriors (D)
  3 fire dragon simulacra (D)
  A necrophage (D)
  5 two-headed ogres (D)
  A water elemental (D)
  An electric eel (D)
  5 orc priests (D)
  A jelly (D)
  A wizard (D)
  Jessica (D)
  A necromancer (D)
  2 orc wizards (D)
  A kobold demonologist (D)
  3 humans (D)
  A wolf (D)
  8 orcs (D)
  An endoplasm (D)
  A rat (D)
  A ballistomycete spore (D)
93 creatures vanquished.

Vanquished Creatures (collateral kills)
  2 death yaks (D)
2 creatures vanquished.

Vanquished Creatures (others)
  A hydra (D)
  An orc high priest (D)
  An orc priest (D)
  108 foxfires (D)
  15 plants (D)
126 creatures vanquished.

Grand Total: 221 creatures vanquished

Notes
Turn   | Place    | Note
-------+----------+-------------------------------------------
     0 | D        | Baz the Draconian Fire Elementalist began the quest for the
                  | Orb.
     0 | D        | Reached XP level 1. HP: 14/14 MP: 3/3
    63 | D        | Noticed Jessica
    67 | D        | Killed Jessica
    68 | D        | Reached skill level 4 in Fire Magic
    68 | D        | Reached XP level 2. HP: 25/25 MP: 0/6
   160 | D        | Reached skill level 5 in Fire Magic
   160 | D        | Reached XP level 3. HP: 27/30 MP: 1/8
   496 | D        | Gained mutation: You passively map a small area around you.
                  | [potion of mutation]
   507 | D        | Noticed a water elemental
   524 | D        | Killed a water elemental
   525 | D        | Reached skill level 5 in Spellcasting
   525 | D        | Reached skill level 6 in Fire Magic
   525 | D        | Reached XP level 4. HP: 31/40 MP: 1/11
   593 | D        | Learned a level 3 spell: Conjure Flame
   609 | D        | Learned a level 4 spell: Sticky Flame
   622 | D        | Found a basalt altar of Yredelemnul.
   622 | D        | Found a shadowy altar of Dithmenos.
   622 | D        | Found a sacrificial altar of Ru.
   622 | D        | Noticed a necrophage
   637 | D        | Killed a necrophage
   638 | D        | Reached skill level 5 in Fighting
   638 | D        | Reached skill level 7 in Fire Magic
   638 | D        | Reached XP level 5. HP: 20/48 MP: 4/13
   836 | D        | Learned a level 5 spell: Fireball
   836 | D        | Found a radiant altar of Vehumet.
   836 | D        | Found a shimmering blue altar of Sif Muna.
   836 | D        | Found an ancient bone altar of Kikubaaqudgha.
   842 | D        | Reached skill level 5 in Conjurations
   846 | D        | Reached skill level 8 in Fire Magic
   846 | D        | Reached XP level 6. HP: 56/56 MP: 8/15
   897 | D        | Became a worshipper of Vehumet
   901 | D        | Learned a level 2 spell: Blink
   908 | D        | Found a glowing silver altar of Zin.
   909 | D        | Found a glowing golden altar of the Shining One.
   909 | D        | Found a white marble altar of Elyvilon.
   909 | D        | Noticed a deep elf pyromancer
   914 | D        | Killed a deep elf pyromancer
   915 | D        | Reached skill level 11 in Fire Magic
   915 | D        | Your scales start taking on a fiery red colour.
   915 | D        | Reached skill level 13 in Fire Magic
   915 | D        | Reached XP level 7. HP: 48/61 MP: 9/16
   915 | D        | Gained mutation: Your flesh is heat resistant. (rF+) [Red
                  | Draconian growth]
   978 | D        | Found a hide-covered altar of Uskayaw.
   978 | D        | Found an iron altar of Okawaru.
   978 | D        | Found a bloodstained altar of Trog.
   978 | D        | Found an ornate altar of the Wu Jian Council.
   978 | D        | Noticed a human
   978 | D        | Noticed a human
   980 | D        | Killed a human
   983 | D        | Killed a human
   983 | D        | Reached * piety under Vehumet
   983 | D        | Offered knowledge of Freeze by Vehumet.
  1132 | D        | Noticed a shadow
  1134 | D        | Reached skill level 14 in Fire Magic
  1135 | D        | Killed a shadow
  1136 | D        | Reached XP level 8. HP: 71/71 MP: 4/18
  1235 | D        | Offered knowledge of Sandblast by Vehumet.
  1235 | D        | Reached ** piety under Vehumet
  1241 | D        | Reached skill level 5 in Earth Magic
  1452 | D        | Noticed a two-headed ogre
  1464 | D        | Killed a two-headed ogre
  1464 | D        | Offered knowledge of Mephitic Cloud by Vehumet.
  1583 | D        | Noticed a two-headed ogre
  1583 | D        | Noticed Erolcha
  1590 | D        | Killed Erolcha
  1590 | D        | Reached *** piety under Vehumet
  1591 | D        | Reached skill level 15 in Fire Magic
  1591 | D        | Reached XP level 9. HP: 70/81 MP: 17/21
  1613 | D        | Killed a two-headed ogre
  1613 | D        | Offered knowledge of Ignite Poison by Vehumet.
  1614 | D        | Reached skill level 16 in Fire Magic
  1969 | D        | Noticed a wandering mushroom
  2017 | D        | Killed a wandering mushroom
  2018 | D        | Noticed a four-headed hydra
  2103 | D        | Killed a six-headed hydra
  2110 | D        | Noticed a wandering mushroom
  2118 | D        | Reached **** piety under Vehumet
  2119 | D        | Killed a four-headed hydra
  2119 | D        | Offered knowledge of Freezing Cloud by Vehumet.
  2125 | D        | Reached ***** piety under Vehumet
  2126 | D        | Reached skill level 10 in Earth Magic
  2400 | D        | Noticed a wandering mushroom
  2401 | D        | Killed a wandering mushroom
  2401 | D        | Offered knowledge of Spellforged Servitor by Vehumet.
  2402 | D        | Reached skill level 17 in Fire Magic
  2402 | D        | Reached XP level 10. HP: 91/91 MP: 19/23
  2412 | D        | Learned a level 7 spell: Spellforged Servitor
  2524 | D        | Found Udouw's Assorted Antiques.
  2532 | D        | Reached skill level 10 in Fighting
  2542 | D        | Offered knowledge of Iron Shot by Vehumet.
  2543 | D        | Reached skill level 10 in Spellcasting
  2834 | D        | Bought a potion of curing for 63 gold pieces
  2834 | D        | Bought a scroll labelled FETECZUTHRU for 21 gold pieces
  2834 | D        | Bought a scroll labelled FETECZUTHRU for 21 gold pieces
  2834 | D        | Bought a scroll labelled FETECZUTHRU for 21 gold pieces
  2834 | D        | Bought a scroll labelled MUIFENI FAOJED for 21 gold pieces
  2834 | D        | Bought a potion of mutation for 168 gold pieces
  2834 | D        | Bought a potion of berserk rage for 105 gold pieces
  2873 | D        | Learned a level 6 spell: Iron Shot
  2893 | D        | Noticed a cane toad
  2893 | D        | Noticed a cane toad
  2896 | D        | Killed a cane toad
  2898 | D        | Killed a cane toad
  2898 | D        | Offered knowledge of Bolt of Magma by Vehumet.
  3197 | D        | Reached skill level 10 in Conjurations
  3206 | D        | Reached ****** piety under Vehumet
  3396 | D        | Noticed a deep elf pyromancer
  3396 | D        | Noticed a deep elf zephyrmancer
  3396 | D        | Noticed a deep elf pyromancer
  3396 | D        | Noticed a deep elf zephyrmancer
  3396 | D        | Noticed a deep elf knight
  3402 | D        | Killed a deep elf zephyrmancer
  3405 | D        | Killed a deep elf zephyrmancer
  3405 | D        | Offered knowledge of Iskenderun's Battlesphere by Vehumet.
  3406 | D        | Reached XP level 11. HP: 67/102 MP: 7/26
  3424 | D        | Killed a deep elf pyromancer
  3425 | D        | Reached skill level 18 in Fire Magic
  3426 | D        | Killed a deep elf knight
  3625 | D        | Killed a deep elf pyromancer
  3707 | D        | Noticed a deep elf annihilator
  3742 | D        | Noticed a deep elf death mage
  3742 | D        | Noticed a deep elf annihilator
  3743 | D        | Noticed a deep elf blademaster
  3744 | D        | Killed a deep elf death mage
  3748 | D        | Noticed a deep elf zephyrmancer
  3750 | D        | Killed a deep elf zephyrmancer
  4193 | D        | Noticed a nameless horror
  4241 | D        | Killed a nameless horror
  4433 | D        | Noticed Urug
  4434 | D        | Noticed a death drake
  4436 | D        | Killed a deep elf annihilator
  4441 | D        | Killed Urug
  4441 | D        | Offered knowledge of Lee's Rapid Deconstruction by Vehumet.
  4446 | D        | Killed a death drake
  4467 | D        | HP: 5/105 [poisoned by a redback]
  4968 | D        | Noticed a deep elf death mage
  4981 | D        | Noticed a deep elf demonologist
  4985 | D        | Killed a deep elf demonologist
  5092 | D        | Killed a deep elf death mage
  5179 | D        | Killed a deep elf annihilator
  5180 | D        | Reached skill level 19 in Fire Magic
  5513 | D        | Killed a deep elf blademaster
  5513 | D        | Offered knowledge of Conjure Ball Lightning by Vehumet.
  5514 | D        | Reached XP level 12. HP: 115/115 MP: 12/30
  5613 | D        | Found the +1 cloak of Starlight {*Dazzle EV+4 Stlth--}
  5620 | D        | Got the Collected Works on Evil
  5621 | D        | Identified the ring "Vuapnobi" {rN+ Str+8}
  5621 | D        | Identified the amulet "Liotuud" {Acrobat Regen+ Str+2}
  5629 | D        | Got the Guide on the Freezing Compass
  5751 | D        | Noticed Harold
  5751 | D        | Noticed Joseph
  5755 | D        | Killed Harold
  5757 | D        | Killed Joseph
  5900 | D        | Noticed a nameless horror
  5905 | D        | Killed a nameless horror
  6076 | D        | Noticed a yaktaur captain
  6076 | D        | Noticed a yaktaur captain
  6076 | D        | Noticed a yaktaur captain
  6388 | D        | Offered knowledge of Lehudib's Crystal Spear by Vehumet.
  6548 | D        | Noticed a death yak
  6548 | D        | Noticed a death yak
  6549 | D        | Noticed a death yak
  6549 | D        | Noticed a death yak
  6552 | D        | Reached skill level 15 in Conjurations
  6556 | D        | Killed a death yak
  6557 | D        | Reached skill level 15 in Spellcasting
  6560 | D        | Killed a death yak
  6565 | D        | Killed a death yak
  6572 | D        | Killed a death yak
  6573 | D        | Reached skill level 5 in Dodging
  6678 | D        | Learned a level 8 spell: Lehudib's Crystal Spear
  6706 | D        | Gained mutation: Your spells are a little easier to cast,
                  | but a little less powerful. [mutagenic glow]
  6708 | D        | Lost mutation: Your spells are a little easier to cast, but
                  | a little less powerful. [potion of mutation]
  6708 | D        | Lost mutation: You passively map a small area around you.
                  | [potion of mutation]
  6708 | D        | Gained mutation: You are agile. (Dex +2) [potion of
                  | mutation]
  6708 | D        | Gained mutation: You expend magic power (3 MP) to
                  | strengthen your wands. [potion of mutation]
  6837 | D        | Noticed Rupert
  6843 | D        | Paralysed by Rupert for 6 turns
  6847 | D        | HP: 5/115 [Rupert (34)]
  6848 | D        | Annihilated by Rupert

Illustrated notes

Levels and vault maps discovered:
D:        dungeon_sprint_mu [sprint_mu_entry_cave, sprint_mu_temple_rooms,
          sprint_mu_d1_spiders, sprint_mu_d2_genie, sprint_mu_d3_branching,
          sprint_mu_orc_legion, sprint_mu_elf_gauntlet, sprint_mu_hive_nellie,
          sprint_mu_lair_fedhas, sprint_mu_vaults_butterflies,
          sprint_mu_slime_circle, sprint_mu_swamp_cave, sprint_mu_shoals_kraken,
          sprint_mu_blade_basic, sprint_mu_crypt_chambers,
          sprint_mu_tomb_spiral, sprint_mu_vestibule_basic,
          sprint_mu_gehenna_hellfire, sprint_mu_dis_giant,
          sprint_mu_tartarus_statrot, sprint_mu_cocytus_islands, sprint_mu_zot1]

Skill      XL: |  1  2  3  4  5  6  7  8  9 10 11 12 |
---------------+-------------------------------------+-----
Fighting       | 2 4 5 6 8 9 11 13 | 13.1
Spellcasting   | 3 4 5 6 7 8 9 11 14 15 | 15.3
Conjurations   | 2 3 4 5 8 10 14 15 | 15.4
Fire Magic     | 4 5 6 7 8 13 14 15 17 19 | 19.8
Earth Magic    | 4 7 10 | 10.2
Dodging        | 5 |  5.0
Stealth        | |  1.7

Action                   |  1- 3 |  4- 6 |  7- 9 | 10-12 || total
-------------------------+-------+-------+-------+-------++-------
Melee: Staff             |       |       |       |    12 ||    12
       Tailslap          |       |       |       |     4 ||     4
 Cast: Foxfire           |    22 |    14 |    10 |    14 ||    60
       Conjure Flame     |       |     1 |     1 |       ||     2
       Sticky Flame      |       |     1 |     8 |    14 ||    23
       Fireball          |       |       |    25 |    73 ||    98
       Blink             |       |       |       |     5 ||     5
       Iron Shot         |       |       |       |    19 ||    19
       Spellforged Servi |       |       |       |     3 ||     3
 Abil: Breathe Fire      |       |       |     3 |     6 ||     9
  Use: Potion            |     2 |       |       |    11 ||    13
       Scroll            |       |       |       |     7 ||     7
Armor: Skin              |     1 |       |     1 |    10 ||    12
Dodge: Dodged            |     6 |     1 |     7 |    28 ||    42
